 Dungeon Crawl Stone Soup version 0.31.0-1-g2c135a0 (webtiles) character file.

Game seed: 3222287832435091459

7 maxtrax the Caller (level 1, -1/10 HPs)
             Began as a Deep Elf Summoner on Mar 2, 2024.
             Slain by an endoplasm (2 damage)
             ... on level 1 of the Dungeon.
             The game lasted 00:06:18 (54 turns).

maxtrax the Caller (Deep Elf Summoner)                Turns: 54, Time: 00:06:19

Health: -1/10      AC:  2    Str:  5    XL:     1   Next: 83%
Magic:  3/6        EV: 13    Int: 19    God:
Gold:   0          SH:  0    Dex: 15    Spells: 5/6 levels left

rFire   . . .        (no weapon)
rCold   . . .        (no shield)
rNeg    . . .        a - +0 robe
rPois   .            (no helmet)
rElec   .            (no cloak)
rCorr   .            (no gloves)
SInv    .            (no boots)
Will    .....        (no amulet)
Stlth   ++           (no ring)
HPRegen 0.21/turn    (no ring)
MPRegen 0.10/turn

%: no passive effects
@: weak-willed
A: no striking features
a: no special abilities


You were on level 1 of the Dungeon.
You visited 1 branch of the dungeon, and saw 1 of its levels.

Inventory:

Armour
 a - a +0 robe (worn)
Potions
 b - a potion of magic


   Skills:
 + Level 2.7 Dodging
 + Level 2.4 Stealth
 + Level 3.1 Spellcasting
 + Level 4.6 Summonings


You had 5 spell levels left.
You knew the following spells:

 Your Spells              Type           Power      Damage    Failure   Level
a - Summon Small Mammal   Summ           80%        N/A       2%          1

Your spell library contained the following spells:

 Spells                   Type           Power      Damage    Failure   Level
 Call Imp                 Summ           40%        N/A       3%          2
 Call Canine Familiar     Summ           20%        N/A       7%          3
 Summon Blazeheart Golem  Fire/Summ      11%        N/A       50%         4
 Summon Lightning Spire   Summ/Air       11%        N/A       50%         4


Dungeon Overview and Level Annotations

Branches:
Dungeon (1/15)

Altars:


Message History

There is an open door here.
Okay, then.
You swap places.
Things that are here:
a +0 whip; 3 stones; a kobold corpse You see here a giant cockroach corpse.
Okay, then.
Your quokka disappears in a puff of smoke!
Found a scroll labelled PURHIBBYTZA and a scroll labelled UFOOPTYZIE.
Found a leather armour.
You see here a bat corpse.
Found 17 gold pieces.
A kobold comes into view. It is wielding a +0 dagger.
An endoplasm and a rat come into view.
The endoplasm quivers.
A frilled lizard comes into view.
The frilled lizard hisses angrily.
Your quokka barely misses the kobold.
The kobold misses you. The endoplasm closely misses you.
Your quokka barely misses the kobold.
The kobold hits you with a +0 dagger.
The endoplasm hits you but does no damage.
You see here a scroll labelled PURHIBBYTZA.
As you read the scroll labelled PURHIBBYTZA, it crumbles to dust.
A wave of despondency washes over your surroundings.
It was a scroll of vulnerability.
Your quokka bites the kobold.
The kobold barely misses your quokka.
The rat twitches its whiskers.
The endoplasm completely misses you.
Casting: Summon Small Mammal (safe; 2% risk of failure)
Confirm with . or Enter, or press ? or * to list all spells.
Your quokka bites the kobold.
The kobold dies!
The endoplasm freezes you.
You are frozen.
* * * LOW HITPOINT WARNING * * *
Your quokka bites the rat but does no damage.
The rat bites you.
* * * LOW HITPOINT WARNING * * *
The endoplasm hits you.
You die...

.... ..... ...... #.
...... .. .....$
####. ###......
##..?..##.Jl.....
##........@r......
#.........rr.....#
...#(...............#
#..#................#
#..................#
...................
#.#.........†.......
##..#................
..........†.>........


You could see an endoplasm (weak-willed, ally target), a frilled lizard
(weak-willed), a rat (weak-willed, ally target) and 2 friendly quokkas.

Vanquished Creatures (collateral kills)
  3 bats (D:1)
  A giant cockroach (D:1)
  2 kobolds (D:1)
6 creatures vanquished.

Notes
Turn   | Place    | Note
-------+----------+-------------------------------------------
     0 | D:1      | maxtrax the Deep Elf Summoner began the quest for the Orb.
     0 | D:1      | Reached XP level 1. HP: 10/10 MP: 6/6
    54 | D:1      | Slain by an endoplasm

Illustrated notes

Levels and vault maps discovered:
D:1:      nzn_arrival_crosshair, layout_rooms, basic_ecumenical_altar,
          chequers_jeans

Action                     || total
---------------------------++-------
  Melee: Unarmed           ||     4
   Cast: Summon Small Mamm ||     6
    Use: Scroll            ||     1
 Armour: Robe              ||    22
  Dodge: Dodged            ||    27
